AoeStats
← DJax

Arabia

510005696Analyzed
1v1 RM · 2d ago on Sep 29, 2026· 55m 20s· 2 players
Game mode
Random Map
Map size
Tiny (2 player)
Population
200
Speed
Normal
Resources
Standard
Victory
Conquest
Starting age
Dark Age
Ending age
Imperial Age
RankedLock teamsTeams togetherTeam positionsShared explorationLock speedFull tech treeHidden civsTurbo modeCheats
Victory
Defeat
🇺🇸 Vikings · United States
1000
+17
🇺🇸 Varangians · United States
1019
-22
DJax
6:48 Loom
10:01 Feudal Age
10:29 Horse Collar
10:36 Double-Bit Axe
17:29 Fletching
21:05 Castle Age
19:24 Gold Mining
21:50 Bodkin Arrow
21:16 Crossbowman
22:41 Bow Saw
22:34 Heavy Plow
24:33 Pikeman
25:14 Squires
25:09 Pikeman
25:49 Squires
28:08 Scale Mail Armor
28:20 Forging
28:11 Padded Archer Armor
29:12 Chain Mail Armor
34:54 Imperial Age
32:10 Town Watch
36:02 Gold Shaft Mining
36:32 Iron Casting
36:00 Arbalester
37:59 Ballistics
38:40 Chemistry
38:48 Bracer
42:19 Plate Mail Armor
42:50 Blast Furnace
42:06 Leather Archer Armor
52:02 Ring Archer Armor
Gohma
6:21 Loom
9:02 Feudal Age
11:20 Bloodlines
12:28 Forging
17:22 Double-Bit Axe
21:45 Castle Age
21:00 Scale Barding Armor
21:27 Horse Collar
22:41 Husbandry
27:25 Iron Casting
33:09 Gold Mining
33:22 Heavy Plow
38:08 Bow Saw
41:06 Imperial Age
39:01 Chain Barding Armor
43:00 Chemistry
41:29 Cavalier
42:47 Plate Barding Armor
44:45 Heavy Scorpion
Connection lost

Rejoining the realm…

Still unreachable

The connection could not be restored.

Session expired

The server has moved on; the page needs a fresh start.